 Dungeon Crawl Stone Soup version 0.27.1-15-g792fb953b9 (webtiles) character file.

Game seed: 1866957405057720058

112 bearlyready the Magician (level 5, -1/40 HPs)
             Began as a Djinni Fire Elementalist on Nov 19, 2021.
             Slain by a gnoll shaman (9 damage)
             ... on level 3 of the Dungeon.
             The game lasted 00:03:46 (2036 turns).

bearlyready the Magician (Djinni Fire Elementalist) Turns: 2036, Time: 00:03:46

Health: -1/40      AC:  2    Str:  7    XL:     5   Next: 16%
Gold:   39         EV: 12    Int: 17    God:
                   SH:  0    Dex: 14

rFire    + + .     SeeInvis .   h - +0 dagger
rCold    x . .     Faith    .   (no shield)
rNeg     . . .     Spirit   .   a - +0 robe
rPois    ∞         Reflect  .   (no helmet)
rElec    .         Harm     .   (no cloak)
rCorr    .         Rampage  .   (no gloves)
Will     .....                  (boots unavailable)
Stlth    ++........             (no amulet)
HPRegen  0.13/turn              (no ring)
MPRegen  0.00/turn              (no ring)

@: flying
A: sickness immunity, fire resistance 2, cold vulnerability 1, float, innate
caster, hp casting, extra vitality 1
a: no special abilities


You were on level 3 of the Dungeon.
You visited 1 branch of the dungeon, and saw 3 of its levels.

You collected 39 gold pieces.

Inventory:

Hand Weapons
 h - a +0 dagger (weapon)
Armour
 a - a +0 robe (worn)
Scrolls
 f - a scroll of enchant armour {unknown}
 i - a scroll of identify {unknown}
Potions
 b - a potion of ambrosia {unknown}
 c - a potion of invisibility {unknown}
 g - a potion of degeneration {unknown}


   Skills:
 + Level 3.0 Fighting
 - Level 2.1 Dodging
 - Level 1.5 Stealth
 + Level 3.4 Spellcasting


You couldn't memorise any spells.
You knew the following spells:

 Your Spells              Type           Power      Damage    Failure   Level
a - Foxfire               Conj/Fire      56%        2x1d6     4%          1
b - Conjure Flame         Conj/Fire      14%        6-21      12%         3
c - Inner Flame           Hex/Fire       14%        N/A       12%         3
d - Sticky Flame          Conj/Fire      14%        2d4       38%         4
e - Fireball              Conj/Fire      7%         3d5       75%         5
f - Pain                  Necr           56%        1d6       4%          1
g - Corpse Rot            Necr/Air       N/A        N/A       6%          2
Your spell library was empty.

Dungeon Overview and Level Annotations

Branches:
Dungeon (3/15)

Altars:


Innate Abilities, Weirdness & Mutations

You are immune to sickness and miasma.
You are immune to poison.
Your flesh is very heat resistant. (rF++)
You are vulnerable to cold. (rC-)
You float through the air rather than walking.
You learn spells naturally, not from books.
Your magical power is your life essence.
You have superior vitality. (+4 HP)


Message History

You kill the gnoll!
* * * LOW HITPOINT WARNING * * *
Your Fighting skill increases to level 3!
You aren't carrying any items that you can evoke.
Unknown command.
There is a stone staircase leading down here.
You see here a +0 whip.
The gnoll shaman mumbles some strange prayers to its god.
The gnoll shaman is healed somewhat.
You fly downwards.
Found 5 large rocks.
There is a stone staircase leading up here.
The gnoll shaman utters an invocation to its god.
The gnoll shaman is healed somewhat.
Found a stone staircase leading down.
You see here 5 large rocks.
Casting: Foxfire (safe; 4% risk of failure)
Press: ? - help, Q - select action, (/) - cycle Dir - look around, f - activate You conjure some foxfire!
* * * LOW HITPOINT WARNING * * *
The foxfire hits the gnoll shaman.
The gnoll shaman is heavily wounded.
The foxfire hits the gnoll shaman.
The gnoll shaman is heavily wounded.
Casting: Foxfire (safe; 4% risk of failure)
Press: ? - help, Q - select action, (/) - cycle Dir - look around, f - activate You conjure some foxfire!
* * * LOW HITPOINT WARNING * * *
The gnoll shaman misses you.
A goblin comes into view. It is wielding a +0 dagger.
The foxfire hits the gnoll shaman.
The gnoll shaman is heavily wounded.
The foxfire hits the gnoll shaman.
The gnoll shaman is severely wounded.
Casting: Foxfire (safe; 4% risk of failure)
Press: ? - help, Q - select action, (/) - cycle Dir - look around, f - activate You conjure some foxfire!
* * * LOW HITPOINT WARNING * * *
The gnoll shaman hits you with a +0 whip!
You die...

## ####
#.###.. #<.#.#
# ##.#>####.##
##(.......#
#.#...##..#
#..#.g..#.g#
#.#.#§v@....#
.....##v#.##.#
... ## #.....
# ... ###.###
... .# .# .#
.#


You could see a gnoll shaman (ally target) and a goblin (asleep).

Vanquished Creatures
  5 gnolls (D:2)
  2 adders
  A worm (D:2)
  2 endoplasms
  A giant cockroach (D:2)
  5 goblins (D:1)
  5 hobgoblins
  4 jackals (D:1)
  2 kobolds (D:1)
  A quokka (D:1)
  5 ball pythons
  4 bats
  6 frilled lizards (D:1)
  3 rats
46 creatures vanquished.

Vanquished Creatures (others)
  135 foxfires
135 creatures vanquished.

Grand Total: 181 creatures vanquished

Notes
Turn   | Place    | Note
-------+----------+-------------------------------------------
     0 | D:1      | bearlyready the Djinni Fire Elementalist began the quest
                  | for the Orb.
     0 | D:1      | Reached XP level 1. HP: 15/15 MP: 0/0
   356 | D:1      | Reached skill level 1 in Fighting
   356 | D:1      | Reached XP level 2. HP: 18/22 MP: 0/0
   621 | D:1      | Found a faded altar of an unknown god.
   977 | D:1      | Reached XP level 3. HP: 18/27 MP: 0/0
   977 | D:1      | Learned a level 1 spell: Pain
  1715 | D:2      | Reached XP level 4. HP: 29/33 MP: 0/0
  2011 | D:2      | Reached XP level 5. HP: 39/40 MP: 0/0
  2011 | D:2      | Learned a level 2 spell: Corpse Rot
  2036 | D:3      | Slain by a gnoll shaman

Illustrated notes

Levels and vault maps discovered:
D:1:      lightli_molten_gateway, layout_basic,
          hellmonk_ecumenical_altar_slurped_away
D:2:      layout_basic, basic_altar
D:3:      layout_loops_cross, grunt_temple_overflow_champion_of_chaos,
          amcnicky_altar_gilded, serial_shops, shop, nicolae_underground_beach

Skill      XL: |  1  2  3  4  5 |
---------------+----------------+-----
Fighting       | 1 2 3 |  3.0
Spellcasting   | 3 |  3.4
Dodging        | |  2.1
Stealth        | |  1.5

Action                   |  1- 3 |  4- 6 || total
-------------------------+-------+-------++-------
Melee: Unarmed           |     6 |       ||     6
       Dagger            |    22 |     4 ||    26
 Cast: Foxfire           |    56 |    29 ||    85
       Pain              |       |     3 ||     3
       Sticky Flame      |       |     2 ||     2
  Use: Potion            |       |     2 ||     2
 Stab: Sleeping          |     1 |       ||     1
Armor: Robe              |     3 |     1 ||     4
Dodge: Dodged            |    30 |    14 ||    44
